 Dungeon Crawl Stone Soup version 0.21-a0-28-g9a7844a (webtiles) character file.

76790 Kriby the Thaumaturge (level 15, -5/103 HPs)
             Began as an Octopode Wizard on May 20, 2017.
             Was a High Priest of Vehumet.
             Shot with an arrow by a naga sharpshooter (11 damage)
             ... on level 2 of the Snake Pit on May 26, 2017.
             The game lasted 01:33:01 (33568 turns).

Kriby the Thaumaturge (Octopode Wizard)            Turns: 33568, Time: 01:33:02

Health: -5/103     AC:  3    Str: 13    XL:     15   Next: 54%
Magic:  30/50      EV: 18    Int: 34    God:    Vehumet [*****.]
Gold:   1831       SH:  0    Dex:  9    Spells: 5/40 levels left

rFire    . . .     SeeInvis +   T - +3 long sword "Feunalih" {venom, MP-9 Int+8 Stlth-}
rCold    . . .     Gourm    .   (no shield)
rNeg     . . .     Faith    .   a - +2 hat
rPois    .         Spirit   .   (no amulet)
rElec    +         Reflect  .   r - ring of magical power
rCorr    +         Harm     .   d - ring of resist corrosion
MR       ++...                  n - ring of see invisible
Stlth    +++.......             U - ring of magical power
Regen    0.3/turn               O - ring of magical power
MPRegen  0.4/turn               z - ring of protection from magic
                                m - ring of Music {rElec Str+4 Slay+2}
                                (no ring)

@: no status effects
A: almost no armour, stealthy swim, amphibious, 8 rings, constrict 8, repulsion
field 1, camouflage 1, clumsy 1, strong 1, wild magic 1, gelatinous body 1
a: Renounce Religion


You were on level 2 of the Snake Pit.
You worshipped Vehumet.
Vehumet was extremely pleased with you.
You were very hungry.

You visited 4 branches of the dungeon, and saw 18 of its levels.
You also visited: Ossuary and Volcano.

You collected 1831 gold pieces.

Inventory:

Hand Weapons
 k - the +3 flail of Wealth {flame, rElec rPois, unknown}
   (You took it off a naga on level 2 of the Snake Pit)

   It has been specially enchanted to burn those struck by it, causing extra
   injury to most foes and up to half again as much damage against particularly
   susceptible opponents.
   It insulates you from electricity.
   It protects you from poison.
 T - the +3 long sword "Feunalih" (weapon) {venom, MP-9 Int+8 Stlth-}
   (You found it on level 4 of the Lair of Beasts)

   It poisons the flesh of those it strikes.
   It affects your intelligence (+8).
   It affects your magic capacity (-9).
   It makes you less stealthy.
Armour
 a - a +2 hat (worn)
Magical Staves
 q - an uncursed staff of earth
 F - an uncursed staff of air
Jewellery
 d - a ring of resist corrosion (right tentacle)
 m - the ring of Music (on tentacle) {rElec Str+4 Slay+2}
   (You found it on level 6 of the Lair of Beasts)

   [ring of strength]

   It affects your strength (+4).
   It affects your accuracy and damage with ranged weapons and melee attacks
   (+2).
   It insulates you from electricity.
 n - a ring of see invisible (on tentacle)
 r - a ring of magical power (left tentacle)
 z - a ring of protection from magic (on tentacle)
 O - a ring of magical power (on tentacle)
 U - a ring of magical power (on tentacle)
Wands
 v - a wand of lightning (6/15)
 D - a wand of iceblast (6/15)
 E - a wand of confusion (36/48)
 Q - a wand of scattershot (5/9)
 W - a wand of polymorph (18/24)
 X - a wand of acid (1/15)
Scrolls
 e - a scroll of identify
 h - 15 scrolls of remove curse
 j - 6 scrolls of amnesia
 s - 6 scrolls of recharging
 u - 7 scrolls of teleportation
 y - 3 scrolls of enchant armour
 A - 2 scrolls of magic mapping
 G - 2 scrolls of enchant weapon
 H - 2 scrolls of fog
 J - 2 scrolls of summoning
Potions
 i - 2 potions of might
 t - a potion of haste
 w - 5 potions of flight
 x - 5 potions of lignification
 B - 4 potions of mutation
 C - 3 potions of ambrosia
 I - a potion of invisibility
 M - 3 potions of agility
 N - a potion of berserk rage
 R - 2 potions of magic
 S - 2 potions of resistance
Books
 b - a book of Minor Magic

   Spells                             Type                      Level
   a - Magic Dart                     Conjuration                  1
   b - Blink                          Translocation                2
   c - Call Imp                       Summoning                    2
   d - Slow                           Hexes                        2
   e - Conjure Flame                  Conjuration/Fire             3
   f - Mephitic Cloud                 Conjuration/Poison/Air       3
 g - a book of Conjurations

   Spells                             Type                      Level
   a - Magic Dart                     Conjuration                  1
   b - Searing Ray                    Conjuration                  2
   c - Dazzling Spray                 Conjuration/Hexes            3
   d - Fulminant Prism                Conjuration/Hexes            4
   e - Force Lance                    Conjuration/Translocation    4
   f - Iskenderun's Mystic Blast      Conjuration                  4
 V - a book of Geomancy

   Spells                             Type                      Level
   a - Sandblast                      Earth                        1
   b - Passwall                       Transmutation/Earth          2
   c - Stone Arrow                    Conjuration/Earth            3
   d - Petrify                        Transmutation/Earth          4
   e - Lee's Rapid Deconstruction     Earth                        5
 Y - a book of the Sky

   Spells                             Type                      Level
   a - Summon Lightning Spire         Summoning/Air                4
   b - Silence                        Hexes/Air                    5
   c - Deflect Missiles               Charms/Air                   6
   d - Conjure Ball Lightning         Conjuration/Air              6
   e - Tornado                        Air                          9
 Z - a book of Death

   Spells                             Type                      Level
   a - Corpse Rot                     Necromancy                   2
   b - Sublimation of Blood           Necromancy                   2
   c - Agony                          Necromancy                   5
   d - Dispel Undead                  Necromancy                   5
   e - Excruciating Wounds            Charms/Necromancy            5
   f - Bolt of Draining               Conjuration/Necromancy       5
Miscellaneous
 o - a fan of gales
Comestibles
 c - 8 bread rations
 l - 6 meat rations
 p - 4 royal jellies
 L - 24 fruits


   Skills:
 - Level 9.7 Fighting
 - Level 7.5 Dodging
 - Level 6.9 Stealth
 - Level 13.2 Spellcasting
 - Level 13.2 Conjurations
 + Level 4.9 Charms
 - Level 5.3 Summonings
 - Level 1.0 Translocations
 - Level 11.4 Fire Magic
 * Level 4.2 Air Magic


You had 5 spell levels left.
You knew the following spells:

 Your Spells              Type           Power        Failure   Level  Hunger
a - Magic Dart            Conj           ####         1%          1    None
b - Conjure Flame         Conj/Fire      #######.     1%          3    None
c - Call Imp              Summ           ######..     1%          2    None
d - Throw Flame           Conj/Fire      ######       1%          2    None
e - Sticky Flame          Conj/Fire      #######.     1%          4    None
f - Bolt of Magma         Conj/Fire/Erth #######...   1%          5    None
g - Mephitic Cloud        Conj/Pois/Air  ######..     1%          3    None
h - Orb of Destruction    Conj           #######...   3%          7    #####..
R - Deflect Missiles      Chrm/Air       ######....   50%         6    ###....
T - Blink                 Tloc           N/A          3%          2    None


Dungeon Overview and Level Annotations

Branches:
Dungeon (9/15)             Temple (1/1) D:4            Lair (6/6) D:9
 Shoals (0/4) Lair:3        Snake (2/4) Lair:2        Slime (0/5) Lair:6
    Orc: D:9-12

Altars:
Ashenzari
Cheibriados
Dithmenos
Elyvilon
Fedhas
Gozag
Hepliaklqana
Kikubaaqudgha
Makhleb
Nemelex Xobeh
Okawaru
Qazlal
Ru
Sif Muna
Trog
Uskayaw
Vehumet
Wu Jian
Xom
Yredelemnul
Zin
The Shining One
Jiyva

Shops:
Snake:2 %

Annotations:
D:3 Grinder
D:8 exclusion: downstairs


Innate Abilities, Weirdness & Mutations

You cannot wear most types of armour.
You are very stealthy in the water. (Stealth+)
You are amphibious.
You can wear up to eight rings at the same time.
You can use your tentacles to constrict eight enemies at once.
Your skin changes colour to match your surroundings (Stealth+).
Your rubbery body absorbs attacks. (AC +1, EV +1)
You are surrounded by a mild repulsion field. (EV +2)
You are clumsy. (Dex -2)
Your muscles are strong. (Str +2)
Your spells are a little harder to cast, but a little more powerful.


Message History

Aim: a naga sharpshooter, wielding a hand axe (hasn't noticed you)
The bolt of magma hits the naga mage.
You kill the naga mage!
Vehumet accepts your kill.
You feel sick.
The naga sharpshooter mumbles some strange words.
The naga sharpshooter magically shoots an arrow.
The arrow hits you!!
* * * LOW HITPOINT WARNING * * *
You feel better.
The naga sharpshooter unwields an uncursed hand axe.
The naga sharpshooter wields an uncursed longbow.
The naga sharpshooter mumbles some strange words.
The naga sharpshooter magically shoots an arrow.
The arrow hits you!!
* * * LOW HITPOINT WARNING * * *
The naga sharpshooter mumbles some strange words.
The naga sharpshooter magically shoots an arrow.
The arrow hits you!
You die...

#.#..#.........###
###....##..........#
.......#...........##
...............##>..###
#..............#......
#.........%.......#..
#..............##..#
..................##
.#......<.......@.##
.#.............(...#
.#........%....§##....#
... .........§## ####.#
... ......N.).. ...
.......N..... ...
..........N...# ..
....N.......... .
..........N....


You could see 2 naga sharpshooters and a naga.

Vanquished Creatures
  Jorgrun (Snake:2)
  A very ugly thing (D:8)
  A fire dragon (Lair:4)
  Josephine (Lair:6)
  Fannar (Lair:2)
  9 hydras
  2 naga warriors
  5 anacondas
  3 catoblepae (Lair:6)
  An alligator (Lair:5)
  4 two-headed ogres
  A dancing weapon (Volcano)
  11 death yaks
  A shock serpent (Snake:2)
  2 naga sharpshooters (Snake:1)
  Nergalle (Lair:1)
  Sonja (Lair:2)
  2 swamp dragons (Lair:5)
  A naga ritualist (Snake:1)
  5 wizards (Volcano)
  A mana viper (Snake:2)
  An orc sorcerer (D:8)
  A deep elf mage (D:8)
  2 manticores (Lair:6)
  2 salamanders (Snake:2)
  4 elephants
  5 toenail golems (Volcano)
  5 naga magi
  15 black mambas
  Psyche (D:8)
  7 spiny frogs
  2 rime drakes
  5 komodo dragons
  A polar bear (Lair:2)
  A slime creature (Lair:5)
  12 blink frogs
  13 dream sheep (Lair:4)
  7 hippogriffs
  Sigmund (D:4)
  32 yaks
  5 wraiths
  A wyvern (Lair:2)
  A basilisk (D:9)
  A vampire mosquito (Lair:5)
  14 wargs (D:8)
  A swamp worm (Lair:5)
  15 nagas
  10 water moccasins
  3 porcupines
  2 ice beasts
  11 orc warriors
  A swamp drake (Lair:5)
  An eye of draining (D:9)
  4 ogres
  A necrophage (D:8)
  The ghost of newuser the Chopper, an amateur DDFi of Makhleb (D:3)
  A phantom (D:5)
  3 sky beasts
  23 wolves
  2 centaurs
  10 crocodiles
  A big kobold (D:8)
  Blork the orc (D:6)
  A wyvern zombie (D:6)
  11 bullfrogs
  4 scorpions
  6 killer bees (D:9)
  3 electric eels
  11 wights (D:8)
  3 howler monkeys
  2 crimson imps
  3 jellies
  A lava snake (Lair:4)
  A bullfrog zombie (Ossuary)
  3 hounds
  A bullfrog skeleton (D:6)
  6 orc priests
  3 centaur skeletons
  12 orc wizards
  12 mummies (Ossuary)
  4 iguanas
  2 worker ants
  A killer bee zombie (Ossuary)
  7 hound zombies
  2 worker ant zombies (Ossuary)
  A howler monkey skeleton (D:7)
  12 adders
  3 oozes (Lair:6)
  3 adder zombies
  An adder skeleton (D:4)
  A worm (D:2)
  2 dart slugs (D:1)
  6 leopard geckos
  58 orcs
  8 giant cockroaches
  7 goblins
  4 hobgoblins
  20 jackals
  A quokka (D:3)
  3 ball pythons
  10 bats
  7 frilled lizards
  2 giant cockroach zombies
  A jackal zombie (D:7)
  10 kobolds
  A leopard gecko skeleton (D:4)
  2 quokka zombies (Ossuary)
  11 rats
  A bush (Lair:2)
  A fungus (Lair:2)
  6 plants
566 creatures vanquished.

Vanquished Creatures (collateral kills)
  The ghost of jotwebe the Ruffian, an amateur DrTm (Ossuary)
  A blink frog (Lair:2)
  2 wolves (Lair:2)
  A necrophage (D:7)
  A crocodile (Lair:3)
  A wight (D:8)
  A killer bee zombie (D:7)
  A giant cockroach (D:7)
9 creatures vanquished.

Vanquished Creatures (others)
  An ogre (D:8)
  A bullfrog (Lair:2)
  14 bushes (Lair:2)
  18 fungi
  21 plants
  3 withered plants (Ossuary)
58 creatures vanquished.

Grand Total: 633 creatures vanquished

Notes
Turn   | Place    | Note
-------+----------+-------------------------------------------
     0 | D:1      | Kriby the Octopode Wizard began the quest for the Orb.
     0 | D:1      | Reached XP level 1. HP: 11/11 MP: 4/4
   144 | D:1      | Found a shimmering altar of Xom.
   279 | D:1      | Reached XP level 2. HP: 2/17 MP: 1/6
   942 | D:1      | Reached XP level 3. HP: 16/21 MP: 1/7
  2497 | D:2      | Reached XP level 4. HP: 27/27 MP: 1/9
  2633 | D:2      | Reached skill level 1 in Fighting
  2700 | D:2      | Learned a level 2 spell: Blink
  2703 | D:2      | Learned a level 2 spell: Call Imp
  2707 | D:2      | Learned a level 3 spell: Mephitic Cloud
  3226 | D:2      | Reached XP level 5. HP: 33/33 MP: 3/10
  3231 | D:2      | Learned a level 3 spell: Conjure Flame
  4023 | D:3      | Noticed newuser's ghost (amateur DDFi)
  4117 | D:3      | Found a shimmering altar of Xom.
  4238 | D:3      | Reached XP level 6. HP: 39/39 MP: 7/12
  4464 | D:3      | Found a blossoming altar of Fedhas.
  4697 | D:3      | Killed newuser's ghost
  5111 | D:4      | Noticed Grinder
  5287 | D:3      | Paralysed by Grinder for 4 turns
  5542 | D:4      | Found a staircase to the Ecumenical Temple.
  5557 | Temple   | Entered the Ecumenical Temple
  5742 | Temple   | Became a worshipper of Vehumet
  5925 | D:4      | Noticed Sigmund
  5940 | D:4      | Killed Sigmund
  5940 | D:4      | Reached skill level 5 in Conjurations
  5940 | D:4      | Reached XP level 7. HP: 43/46 MP: 3/14
  6313 | D:4      | Reached skill level 5 in Spellcasting
  6318 | D:4      | Gained mutation: Your muscles are strong. (Str +2) [mutagenic meat]
  6319 | D:4      | Gained mutation: You are partially covered in rugged brown scales. (AC +1, +3% HP) [mutagenic meat]
  6580 | D:5      | Entered Level 5 of the Dungeon
  6775 | D:5      | Found a sand-covered staircase.
  6818 | Ossuary  | Entered an ossuary
  6838 | Ossuary  | Reached XP level 8. HP: 55/55 MP: 0/15
  7088 | Ossuary  | Noticed jotwebe's ghost (amateur DrTm)
  7101 | Ossuary  | Killed jotwebe's ghost
  7101 | Ossuary  | Reached * piety under Vehumet
  7101 | Ossuary  | Offered knowledge of Freeze by Vehumet.
  8015 | D:5      | Reached skill level 5 in Fighting
  8747 | D:6      | Found a shadowy altar of Dithmenos.
  8851 | D:6      | Noticed Blork the orc
  8864 | D:6      | Killed Blork the orc
  8864 | D:6      | Reached XP level 9. HP: 56/62 MP: 5/18
 10690 | D:7      | Offered knowledge of Flame Tongue by Vehumet.
 10696 | D:7      | Reached ** piety under Vehumet
 11511 | D:8      | Noticed a two-headed ogre
 11521 | D:8      | Killed a two-headed ogre
 11521 | D:8      | Reached XP level 10. HP: 50/74 MP: 5/19
 11935 | D:8      | Noticed Psyche
 11950 | D:8      | Killed Psyche
 12183 | D:8      | Reached skill level 5 in Summonings
 12406 | D:8      | Noticed a deep elf mage
 12441 | D:8      | Killed a deep elf mage
 12851 | D:8      | Offered knowledge of Throw Flame by Vehumet.
 12855 | D:8      | Learned a level 2 spell: Throw Flame
 13551 | D:8      | Reached skill level 1 in Fire Magic
 13676 | D:8      | Reached *** piety under Vehumet
 14220 | D:8      | Offered knowledge of Sticky Flame by Vehumet.
 14226 | D:8      | Learned a level 4 spell: Sticky Flame
 14237 | D:8      | Noticed an orc sorcerer
 14254 | D:8      | HP: 3/77 [orc sorcerer/bolt of negative energy (28)]
 14630 | D:8      | Reached skill level 5 in Dodging
 14701 | D:8      | Reached XP level 11. HP: 83/83 MP: 21/21
 15360 | D:8      | Reached **** piety under Vehumet
 15824 | D:8      | Noticed a two-headed ogre
 16162 | D:8      | Killed a two-headed ogre
 16162 | D:8      | Offered knowledge of Bolt of Magma by Vehumet.
 16169 | D:8      | Learned a level 5 spell: Bolt of Magma
 16270 | D:9      | Noticed a two-headed ogre
 16270 | D:9      | Noticed a two-headed ogre
 16396 | D:9      | Found a staircase to the Lair.
 16847 | D:8      | Noticed a cyan very ugly thing
 16853 | D:8      | Killed an orc sorcerer
 16860 | D:8      | Killed a cyan very ugly thing
 16860 | D:8      | Reached skill level 5 in Stealth
 16860 | D:8      | Reached skill level 5 in Fire Magic
 17253 | D:9      | Killed a two-headed ogre
 17312 | D:9      | Killed a two-headed ogre
 17942 | Lair:1   | Entered Level 1 of the Lair of Beasts
 17942 | Lair:1   | Noticed Nergalle
 17948 | Lair:1   | Killed Nergalle
 17948 | Lair:1   | Reached XP level 12. HP: 89/89 MP: 3/22
 18447 | Lair:1   | Noticed an eight-headed hydra
 18457 | Lair:1   | Killed an eight-headed hydra
 19487 | Lair:2   | Upgraded the game from 0.21-a0 to 0.21-a0-2-ge494091
 19857 | Lair:2   | Found a staircase to the Snake Pit.
 20152 | Lair:2   | Reached ***** piety under Vehumet
 20390 | Lair:2   | Offered knowledge of Conjure Ball Lightning by Vehumet.
 20664 | Lair:2   | Noticed Sonja
 20732 | Lair:2   | Noticed Fannar
 20740 | Lair:2   | Killed Fannar
 21044 | Lair:2   | Killed Sonja
 21523 | Lair:2   | Reached skill level 10 in Spellcasting
 22593 | Lair:3   | Noticed an eight-headed hydra
 22598 | Lair:3   | Killed an eight-headed hydra
 22598 | Lair:3   | Reached XP level 13. HP: 93/93 MP: 20/27
 22999 | Lair:3   | Found a staircase to the Shoals.
 23256 | Lair:4   | Found a dark tunnel.
 23267 | Volcano  | Entered a volcano
 23338 | Volcano  | Noticed Toogi's ghost (journeyman DsHu)
 23867 | Volcano  | Reached skill level 10 in Fire Magic
 24605 | Lair:4   | Got a twisted long sword
 24749 | Lair:4   | Noticed a fire dragon
 24759 | Lair:4   | Killed a fire dragon
 26595 | Lair:5   | Reached XP level 14. HP: 59/100 MP: 25/30
 27209 | Lair:5   | Offered knowledge of Orb of Destruction by Vehumet.
 27221 | Lair:5   | Learned a level 7 spell: Orb of Destruction
 28141 | Lair:6   | Entered Level 6 of the Lair of Beasts
 28148 | Lair:6   | Identified the +3 long sword "Feunalih" {venom, MP-9 Int+8 Stlth-} (You found it on level 4 of the Lair of Beasts)
 28515 | Lair:6   | Noticed Josephine
 28518 | Lair:6   | Killed Josephine
 29060 | Lair:6   | Reached skill level 10 in Conjurations
 29954 | Lair:6   | Got a shimmering steel ring
 29955 | Lair:6   | Identified the ring of Music {rElec Str+4 Slay+2} (You found it on level 6 of the Lair of Beasts)
 29958 | Lair:6   | Lost mutation: Your muscles are strong. (Str +2) [potion of mutation]
 29958 | Lair:6   | Lost mutation: You are partially covered in rugged brown scales. (AC +1, +3% HP) [potion of mutation]
 29958 | Lair:6   | Gained mutation: Your spells are a little harder to cast, but a little more powerful. [potion of mutation]
 29958 | Lair:6   | Gained mutation: Your muscles are strong. (Str +2) [potion of mutation]
 29958 | Lair:6   | Gained mutation: You are clumsy. (Dex -2) [potion of mutation]
 29958 | Lair:6   | Gained mutation: You are surrounded by a mild repulsion field. (EV +2) [potion of mutation]
 30361 | Lair:6   | Found a runed door.
 30361 | Lair:6   | Found a viscous altar of Jiyva.
 30371 | Lair:6   | Found a staircase to the Slime Pits.
 30532 | Lair:6   | Learned a level 6 spell: Deflect Missiles
 30629 | Snake:1  | Entered Level 1 of the Snake Pit
 30639 | Snake:1  | Reached skill level 1 in Charms
 31026 | Snake:1  | Reached XP level 15. HP: 97/103 MP: 32/32
 31032 | Snake:1  | Offered knowledge of Iron Shot by Vehumet.
 32308 | Snake:1  | Upgraded the game from 0.21-a0-2-ge494091 to 0.21-a0-28-g9a7844a
 32864 | Snake:2  | Found Nevvyclu's Food Shop.
 32909 | Snake:2  | Reached skill level 1 in Air Magic
 33085 | Snake:2  | Noticed Jorgrun
 33090 | Snake:2  | Killed Jorgrun
 33488 | Snake:2  | Got a crystal flail {flame}
 33568 | Snake:2  | Shot with an arrow by a naga sharpshooter

Vault maps used:
D:1:      dpeg_arrival_lava_temple_mockup, serial_bayou_lagoon_a, st_stairs_8,
          xom_teletrap_fun
D:3:      lemuel_crystal_altar, fedhas_altar_4
D:4:      minmay_temple_entry_glass, uniq_grinder, uniq_sigmund
D:5:      lightli_ossuary_entry_decrepit_ruins, first_bread
D:6:      basic_altar, uniq_blork_the_orc
D:8:      lemuel_castle_with_subvaults, grunt_ogre_cave, uniq_psyche
D:9:      david_lair_generic, minmay_splitting_lines,
          nicolae_dithmenos_shadow_blocks
Temple:   minmay_crystal_snake_temple
Lair:1:   grunt_megastairs_4, uniq_nergalle
Lair:2:   minmay_snake_entry_guardpost_small, serial_forest,
          infiniplex_forest_straight_4, infiniplex_forest_straight_4,
          infiniplex_forest_clump_curved, infiniplex_forest_straight_2,
          infiniplex_forest_straight_3, grunt_forest_large_clearings,
          uniq_fannar, uniq_sonja
Lair:3:   elwin_shoals_entry_rooms
Lair:4:   dragon1_lemuel, nicolae_volcano_entry_hallway
Lair:5:   onia_ninara_swampy_vault, serial_bayou_ford_a
Lair:6:   evilmike_catoblepas_cave, slime_altar_2, infiniplex_staircase_pool,
          lemuel_fruit_tree, uniq_josephine
Snake:2:  serial_shops, shop, shop_coins, uniq_jorgrun
Ossuary:  ossuary_zaba_flooded
Volcano:  volcano_bunker

Skill      XL: |  1  2  3  4  5  6  7  8  9 10 11 12 13 14 15 |
---------------+----------------------------------------------+-----
Conjurations   | 2 3 5 6 7 8 12 13 | 13.2
Fighting       | 1 2 3 4 5 8 9 |  9.7
Spellcasting   | 4 5 6 7 10 12 13 | 13.2
Summonings     | 3 5 |  5.3
Dodging        | 5 7 |  7.5
Fire Magic     | 2 7 9 11 | 11.4
Stealth        | 6 |  6.9
Charms         | 1 4 |  4.9
Air Magic      | 4 |  4.2
Translocations | |  1.0

Action                   |  1- 3 |  4- 6 |  7- 9 | 10-12 | 13-15 || total
-------------------------+-------+-------+-------+-------+-------++-------
Melee: Unarmed           |     8 |       |       |       |       ||     8
       Constrict         |     5 |     5 |    14 |    19 |     9 ||    52
       Tentacles         |     1 |     5 |    11 |    17 |     8 ||    42
       Whip              |     5 |    25 |    78 |    82 |    15 ||   205
       Long sword        |       |       |       |       |     2 ||     2
 Cast: Magic Dart        |   104 |   152 |   337 |   200 |    26 ||   819
       Conjure Flame     |       |     3 |     5 |    27 |     1 ||    36
       Mephitic Cloud    |       |     1 |    10 |    38 |    22 ||    71
       Call Imp          |       |       |    31 |    14 |    13 ||    58
       Throw Flame       |       |       |       |   276 |    44 ||   320
       Blink             |       |       |       |    12 |     7 ||    19
       Sticky Flame      |       |       |       |    36 |    30 ||    66
       Bolt of Magma     |       |       |       |   117 |   314 ||   431
       Orb of Destructio |       |       |       |       |    11 ||    11
Evoke: Wand              |       |       |       |     8 |     1 ||     9
  Use: Potion            |       |       |     3 |     2 |    12 ||    17
       Scroll            |       |       |    12 |     8 |    14 ||    34
 Stab: Confused          |       |       |     1 |     2 |     1 ||     4
  Eat: Chunk             |     4 |     9 |     7 |    44 |    26 ||    90
       Bread ration      |       |     1 |       |     1 |     3 ||     5
       Fruit             |       |       |     3 |     4 |    10 ||    17
       Royal jelly       |       |       |     1 |     1 |     1 ||     3
       Meat ration       |       |       |     1 |     1 |       ||     2
Armor: Skin              |     2 |     1 |    14 |     9 |     4 ||    30
Dodge: Dodged            |    18 |    26 |    73 |   136 |    97 ||   350
       Rpst.: Long sword |       |       |       |       |    15 ||    15
